 Dungeon Crawl Stone Soup version 0.32-a0-7-ge934b4519a (webtiles) character file.

Game seed: 7729683398193890483

513 Laraso the Carver (level 7, 57/57 HPs)
             Began as a Black Draconian Monk on Jan 13, 2024.
             Quit the game on level 4 of the Dungeon.
             The game lasted 00:04:08 (3457 turns).

Laraso the Carver (Black Draconian Monk)            Turns: 3457, Time: 00:04:09

Health: 57/57      AC:  6    Str: 13    XL:     7   Next: 0%
Magic:  7/7        EV: 13    Int: 10    God:
Gold:   330        SH:  0    Dex: 16    Spells: 6/6 levels left

rFire   . . .        a - +0 falchion
rCold   . . .        c - orb {light}
rNeg    . . .        (body armour unavailable)
rPois   .            (helmet restricted)
rElec   +            (no cloak)
rCorr   .            (no gloves)
SInv    .            (no boots)
Will    .....        (no amulet)
Stlth   +            (no ring)
HPRegen 0.29/turn    (no ring)
MPRegen 0.10/turn

%: no passive effects
@: glowing
A: breathe lightning, AC +6, unfitting armour, electricity resistance,
cold-blooded, antennae 1, hooves 1
a: Breathe Lightning


You were on level 4 of the Dungeon.
You visited 1 branch of the dungeon, and saw 4 of its levels.
You also visited: Sewer.

You collected 330 gold pieces.

Inventory:

Hand Weapons
 a - a +0 falchion (weapon)
Armour
 c - an orb of light (worn)
Jewellery
 s - the amulet of Fuschamy {Harm +Blink Will- Regen+ Dex+5}
   (You took it off a gnoll on level 3 of the Dungeon)

   [amulet of regeneration]

   Dex+5:     It affects your dexterity (+5).
   Will-:     It decreases your willpower.
   +Blink:    It lets you blink.
   Regen+:    It increases your rate of health regeneration.
   Harm:      It increases damage dealt and taken.
Wands
 n - a wand of polymorph (8)
Scrolls
 h - 2 scrolls of brand weapon
 l - 4 scrolls of teleportation
 m - a scroll of fear {unknown}
 o - a scroll of enchant weapon {unknown}
 p - 2 scrolls of vulnerability
 q - a scroll of fog {unknown}
 r - a scroll of torment {unknown}
 t - a scroll of identify
Potions
 b - a potion of ambrosia
 d - 2 potions of enlightenment
 e - 2 potions of curing
 f - a potion of lignification {unknown}
 g - 2 potions of heal wounds {unknown}
 i - 2 potions of haste
 j - a potion of resistance {unknown}
 k - a potion of cancellation {unknown}
 u - a potion of brilliance {unknown}


   Skills:
 - Level 3.2 Fighting
 * Level 8.0 Long Blades
 - Level 2.6 Dodging


You had 6 spell levels left.
You didn't know any spells.
Your spell library contained the following spells:

 Spells                   Type           Power      Damage    Failure   Level
 Frozen Ramparts          Ice            0%         1d1       75%         3
 Leda's Liquefaction      Alch/Erth      0%         N/A       98%         4
 Petrify                  Alch/Erth      0%         N/A       98%         4
 Metabolic Englaciation   Hex/Ice        0%         N/A       100%        5


Dungeon Overview and Level Annotations

Branches:
Dungeon (4/15)              Sewer (visited)
 Temple: D:4-7

Altars:
Qazlal
Wu Jian
Xom


Innate Abilities, Weirdness & Mutations

You can breathe wild blasts of lightning.
Your glossy black scales are hard. (AC +6)
You cannot fit into any form of body armour.
You are resistant to electric shocks. (rElec)
You are cold-blooded and may be slowed by cold attacks.
You have a pair of small antennae on your head.
You have large cloven feet.


Message History

You hit the hobgoblin but do no damage. You hit the hobgoblin.
You kill the hobgoblin!
No target in view!
No target in view!
A dart slug comes into view.
A dart slug is nearby!
A dart slug is nearby!
A dart slug is nearby!
Found an escape hatch in the floor.
The dart slug launches a dart at you. The slug dart misses you.
You slash the dart slug!
The dart slug is almost dead.
The dart slug closely misses you.
You hit the dart slug.
You kill the dart slug!
You see here a dart slug corpse.
There is an escape hatch in the floor here.
Found a scroll of noise.
Found a war axe.
No target in view!
No target in view!
You see here a +0 mace.
u - a grey potion No target in view!
A dart slug comes into view.
A dart slug is nearby!
A dart slug is nearby!
A dart slug is nearby!
The dart slug launches a dart at you. The slug dart misses you.
You hit the dart slug. You kick the dart slug. You tail-slap the dart slug.
You kill the dart slug!
You have reached level 7!
Your scales start taking on a glossy black colour.
You learn Air Magic much quicker.
You learn Earth Magic much slower.
You can breathe wild blasts of lightning.
You feel insulated.
Are you sure you want to abandon this character and quit the game? (Confirm with "yes".)

.....# #.#.#.. ........#
#.##. #..#.# #.#.####
###.####.# #.#..
#..#.###....######...###.#
#....
#........................#
###..
#.##..##....######...#####
##. #.##..##.#.## ##.## #.
#. #..##.#.# #.# #. #.
.........#######.# #.
##...........†@...# #.
######...######### ## ##


There were no monsters in sight!

Vanquished Creatures
  Sigmund (D:3)
  A brain worm (Sewer)
  An iguana (D:4)
  Terence (D:3)
  Robin (D:3)
  3 gnolls (D:3)
  5 adders
  3 river rats (Sewer)
  5 ribbon worms
  7 dart slugs
  6 endoplasms
  6 giant cockroaches
  23 goblins
  4 hobgoblins
  6 jackals
  3 quokkas
  8 ball pythons
  13 bats
  4 frilled lizards
  5 kobolds
  5 rats
111 creatures vanquished.

Notes
Turn   | Place    | Note
-------+----------+-------------------------------------------
     0 | D:1      | Laraso the Draconian Monk began the quest for the Orb.
     0 | D:1      | Reached XP level 1. HP: 19/19 MP: 1/1
   155 | D:1      | Reached XP level 2. HP: 16/26 MP: 2/2
   376 | D:1      | Reached skill level 4 in Long Blades
   682 | D:2      | Reached XP level 3. HP: 19/31 MP: 3/3
  1329 | D:3      | Noticed Terence
  1329 | D:3      | Found a stormy altar of Qazlal.
  1460 | D:3      | Found an ornate altar of the Wu Jian Council.
  1561 | D:3      | Found a glowing drain.
  1565 | Sewer    | Entered a sewer
  1569 | Sewer    | Reached skill level 5 in Long Blades
  1569 | Sewer    | Reached XP level 4. HP: 34/38 MP: 4/4
  1804 | Sewer    | Noticed a brain worm
  1809 | Sewer    | Killed a brain worm
  1810 | Sewer    | Reached skill level 6 in Long Blades
  1810 | Sewer    | Reached XP level 5. HP: 31/45 MP: 2/5
  1959 | Sewer    | Gained mutation: You have large cloven feet. [potion of
                  | mutation]
  1959 | Sewer    | Gained mutation: You have a pair of small antennae on your
                  | head. [potion of mutation]
  2300 | D:3      | Identified the +2 helmet of the Evening Star {Harm *Corrode
                  | Regen+ Dex+3}
  2300 | D:3      | Noticed Robin
  2330 | D:3      | Killed Robin
  2522 | D:3      | Found a shimmering altar of Xom.
  2586 | D:3      | Identified the amulet of Fuschamy {Harm +Blink Will- Regen+
                  | Dex+5}
  2675 | D:3      | Killed Terence
  2676 | D:3      | Reached XP level 6. HP: 33/51 MP: 6/6
  2834 | D:3      | Noticed Sigmund
  2838 | D:3      | Killed Sigmund
  2839 | D:3      | Reached skill level 7 in Long Blades
  3108 | D:4      | Reached skill level 8 in Long Blades
  3457 | D:4      | Your scales start taking on a glossy black colour.
  3457 | D:4      | Reached XP level 7. HP: 57/57 MP: 7/7
  3457 | D:4      | Gained mutation: You are resistant to electric shocks.
                  | (rElec) [Black Draconian growth]
  3457 | D:4      | Quit the game

Illustrated notes

Levels and vault maps discovered:
D:1:      beargit_arrival_greenhouse, layout_rooms, dreamdust_wishing_well,
          grunt_decor_one_mirror
D:2:      layout_basic
D:3:      layout_basic, pdpol_wu_jian_five_deadly_venoms,
          mainiacjoe_overflow_big_doors, gup_sewer_entry_bowl, uniq_sigmund,
          uniq_terence, uniq_robin
D:4:      layout_loops_ring

Skill      XL: |  1  2  3  4  5  6 |
---------------+-------------------+-----
Long Blades    | 4 5 6 8 |  8.0
Fighting       | |  3.2
Dodging        | |  2.6

Action                     |  1- 3 |  4- 6 |  7- 9 || total
---------------------------+-------+-------+-------++-------
  Melee: Falchion          |   117 |   212 |       ||   329
         Tailslap          |    19 |    27 |       ||    46
         Kick              |       |    29 |       ||    29
    Use: Scroll            |       |     6 |       ||     6
         Potion            |       |     1 |       ||     1
   Stab: Sleeping          |     1 |       |       ||     1
 Armour: Skin              |    49 |   149 |       ||   198
  Dodge: Dodged            |    72 |   148 |       ||   220

Table legend: (Time is in decaauts)
 A = Elapsed time spent in this place.
 B = Non-inter-level travel time spent in this place.
 C = Inter-level travel time spent in this place.
 D = Time resting spent in this place.
 E = Time spent auto-exploring this place.
 F = Levels seen in this place.
 G = Mean time per level.
                   A        B        C        D        E       F      G
               +--------+--------+--------+--------+--------+-----+--------+
         Total |   3660 |   3584 |     76 |     92 |   2516 |   5 |  732.0 |
       Dungeon |   2746 |   2670 |     76 |     92 |   1986 |   4 |  686.5 |
         Sewer |    913 |    913 |      0 |      0 |    529 |   1 |  913.0 |
               +--------+--------+--------+--------+--------+-----+--------+

Top non-repeatable levels by time:
   Sewer: 913 daAuts
     D:3: 909 daAuts
     D:2: 811 daAuts
     D:1: 551 daAuts
     D:4: 473 daAuts
